[Event "Titled Tuesday Blitz April 25 Early 2023"]
[White "Pavlidis, Anastasios"]
[Black "Gonzalez Zamora, Juan Carlos"]
[WhiteFideId "4208404"]
[BlackFideId "3507548"]
[WhiteElo "2210"]
[BlackElo "2535"]
[Result "0-1"]
[Round "10"]
[TimeControl "180+2"]
[Date "2023.04.25"]
[WhiteClock "0:00:19"]
[BlackClock "0:01:07"]

1. e4 d6 2. d4 Nf6 3. Nc3 g6 4. f4 Bg7 5. Nf3 O-O 6. e5 dxe5 7. fxe5 Nd5 8. Nxd5 Qxd5 9. c4 Qd8 10. Be2 c5 11. Be3 cxd4 12. Bxd4 Nc6 13. Bc3 Bg4 14. O-O Qb6+ 15. Kh1 Bxf3 16. Bxf3 Nxe5 17. Bd4 Qc7 18. Bd5 e6 19. Be4 Rad8 20. Bxe5 Bxe5 21. Qb3 Bxh2 22. Qxb7 Qe5 23. Bf3 Rd4 24. Rae1 Qg3 25. Re4 Rxe4 26. Qxe4 Rd8 27. Rd1 Rxd1+ 28. Bxd1 Qd6 29. Bf3 Bg3 30. Qc2 Qf4 31. c5 Qh4+ 32. Kg1 Qd4+ 33. Kf1 Bc7 34. a3 a5 35. Ke2 g5 36. Qc3 Qf4 37. Qe3 Qg3 38. Qf2 Qe5+ 39. Kf1 Qf4 40. Qc2 g4 41. Qe4 gxf3 42. Kf2 0-1


[Site "https://www.chess.com"]

[Event "Titled Tuesday Blitz April 25 Early 2023"]
[White "Fan_Of_Chucky"]
[Black "Zaichenko, Daria"]
[BlackFideId "4197453"]
[WhiteElo "2418"]
[BlackElo "2039"]
[Result "1-0"]
[Round "10"]
[TimeControl "180+2"]
[Date "2023.04.25"]
[WhiteClock "0:00:53"]
[BlackClock "0:01:13"]

1. d4 d5 2. c4 e6 3. Nf3 Be7 4. g3 Nf6 5. Bg2 O-O 6. O-O dxc4 7. Ne5 Nc6 8. Nxc6 bxc6 9. Na3 Bxa3 10. bxa3 Qd6 11. e4 e5 12. dxe5 Qxe5 13. Rb1 Be6 14. Bf4 Qa5 15. Qc2 Qxa3 16. Bxc7 c3 17. e5 Nd7 18. Bd6 Qxa2 19. Qxa2 Bxa2 20. Ra1 Bd5 21. Bxf8 Kxf8 22. Rfc1 Nxe5 23. Rxc3 Nc4 24. Bxd5 cxd5 25. Rd3 Nb6 26. Rda3 Nc8 27. Ra5 Nb6 28. Rxa7 Rd8 29. Rb7 Nc4 30. Raa7 d4 31. Rxf7+ Kg8 32. Rxg7+ Kh8 33. Rxh7+ Kg8 34. Rag7+ Kf8 35. Rd7 Rxd7 36. Rxd7 1-0


[Site "https://www.chess.com"]

[Event "Titled Tuesday Blitz April 25 Early 2023"]
[White "Fuzesabonyilaci"]
[Black "Gatterer, Florian"]
[BlackFideId "811688"]
[WhiteElo "2312"]
[BlackElo "2221"]
[Result "1-0"]
[Round "10"]
[TimeControl "180+2"]
[Date "2023.04.25"]
[WhiteClock "0:00:33"]
[BlackClock "0:00:12"]

1. e4 c5 2. Nf3 e6 3. d4 cxd4 4. Nxd4 Nf6 5. Nc3 Nc6 6. Ndb5 Bc5 7. Bf4 O-O 8. Bc7 Qe7 9. Bd6 Bxd6 10. Qxd6 Qd8 11. O-O-O a6 12. Nd4 Ne7 13. e5 Ng4 14. Ne4 b5 15. h3 Bb7 16. hxg4 Bxe4 17. f3 Bg6 18. Bd3 Bxd3 19. Rxd3 Nd5 20. Ne2 Rc8 21. Kb1 Rc6 22. Qa3 Qc7 23. Rxh7 Rc8 24. Rh1 Rxc2 25. Nc3 Rxg2 26. Qb3 Nxc3+ 27. Rxc3 Qb8 28. Rxc8+ Qxc8 29. Qd3 g6 30. Rc1 Qb7 31. Qe3 Qd5 32. Qh6 Qd3+ 33. Ka1 Rc2 34. Rh1 g5 35. Qh8# 1-0


[Site "https://www.chess.com"]

[Event "Titled Tuesday Blitz April 25 Early 2023"]
[White "Zhukova, Natalia"]
[Black "Bueno, Alfeu Junior Varela"]
[WhiteFideId "14101513"]
[BlackFideId "2108879"]
[WhiteElo "2297"]
[BlackElo "2175"]
[Result "0-1"]
[Round "10"]
[TimeControl "180+2"]
[Date "2023.04.25"]
[WhiteClock "0:00:06"]
[BlackClock "0:00:11"]

1. c4 e5 2. Nc3 Nc6 3. Nf3 f5 4. g3 Nf6 5. d4 e4 6. Nh4 g6 7. Bg2 Bg7 8. O-O O-O 9. f3 d6 10. fxe4 Nxe4 11. Nxe4 fxe4 12. Rxf8+ Qxf8 13. d5 Ne5 14. Bxe4 Nxc4 15. Qb3 Nb6 16. Bg5 Bh3 17. Ng2 Re8 18. Rf1 Bf5 19. Bxf5 gxf5 20. Qd3 Re5 21. Ne3 Qe8 22. Rxf5 Rxf5 23. Nxf5 Bxb2 24. Nd4 Qe5 25. Nf3 Qxd5 26. Qc2 Nc4 27. Qb3 b5 0-1


[Site "https://www.chess.com"]

[Event "Titled Tuesday Blitz April 25 Early 2023"]
[White "Blokhin, Sofia"]
[Black "Orujov2008"]
[WhiteFideId "4508190"]
[WhiteElo "1994"]
[BlackElo "2395"]
[Result "0-1"]
[Round "10"]
[TimeControl "180+2"]
[Date "2023.04.25"]
[WhiteClock "0:00:12"]
[BlackClock "0:00:33"]

1. e4 e5 2. Nf3 Nf6 3. Nxe5 Nxe4 4. Qe2 Qe7 5. Qxe4 d6 6. d4 dxe5 7. dxe5 Nc6 8. Bb5 Bd7 9. O-O O-O-O 10. Bf4 g5 11. Bg3 f5 12. Qa4 a6 13. e6 Qxe6 14. Bc4 Qe7 15. Bxa6 f4 16. Bxb7+ Kxb7 17. Qb5+ Ka8 18. Qa6+ Na7 19. Nc3 fxg3 20. Rad1 gxh2+ 21. Kh1 Bg7 22. Rd5 Bxc3 23. bxc3 Qe6 24. Qd3 Qe7 25. Rd1 Rhf8 26. Rxd7 Rxd7 27. Qxd7 Qxd7 28. Rxd7 Kb7 29. Rxh7 Rxf2 30. Kxh2 Rxc2 31. Rg7 Rxc3 32. Rxg5 Rc2 33. Ra5 Nc6 34. Ra3 Kc8 35. Kh3 Nb4 36. g4 Rxa2 37. Kh4 Rxa3 0-1


[Site "https://www.chess.com"]

[Event "Titled Tuesday Blitz April 25 Early 2023"]
[White "Prieto Aranguren, Alain"]
[Black "Kopczynski, Michal"]
[WhiteFideId "2268906"]
[BlackFideId "1124200"]
[WhiteElo "2209"]
[BlackElo "2212"]
[Result "1/2-1/2"]
[Round "10"]
[TimeControl "180+2"]
[Date "2023.04.25"]
[WhiteClock "0:00:06"]
[BlackClock "0:00:07"]

1. e4 c5 2. Bc4 g6 3. Qf3 e6 4. Nc3 Bg7 5. Qg3 Nc6 6. Nb5 Be5 7. f4 Bb8 8. b3 a6 9. Nc3 Nd4 10. Kd1 Nf6 11. e5 b5 12. Bf1 Nh5 13. Qf2 Bb7 14. Nge2 Nf5 15. Rg1 Qh4 16. g3 Qe7 17. g4 Nxf4 18. Qxf4 Nh4 19. Ne4 g5 20. Nf6+ Kd8 21. Qxg5 Nf3 22. Qg7 Qf8 23. Qxf8+ Rxf8 24. Rg3 Bxe5 25. Nxh7 Rh8 26. d4 Bxg3 27. Nxg3 Rxh7 28. dxc5 Nxh2 29. Bd3 Rh3 30. Bg5+ Kc8 31. Ne4 Rxd3+ 32. cxd3 Bxe4 33. dxe4 Nxg4 34. Ke2 Kb7 35. Rd1 Kc6 36. b4 Ne5 37. Rd6+ Kb7 38. Bf4 f6 39. Bxe5 fxe5 40. Rxd7+ Kc6 41. Rd6+ Kc7 42. Rxe6 a5 43. a3 axb4 44. axb4 Ra4 45. Rxe5 Rxb4 46. Kd3 Rb3+ 47. Kd4 Rb1 48. Re7+ Kc6 49. Re6+ Kc7 50. Rb6 Rd1+ 51. Ke5 Rb1 52. Kd5 Rd1+ 53. Ke6 Rb1 54. e5 b4 55. Ke7 b3 56. e6 b2 57. Rb3 Kc6 58. Ke8 Re1 59. Rxb2 Rxe6+ 60. Kf7 Re5 61. Rb6+ Kxc5 62. Ra6 Kd4 63. Ra4+ Kd5 64. Ra5+ Kd4 65. Rxe5 Kxe5 1/2-1/2


[Site "https://www.chess.com"]

[Event "Titled Tuesday Blitz April 25 Early 2023"]
[White "Sarkar, Justin"]
[Black "Matveeva, Olga"]
[WhiteFideId "2010011"]
[BlackFideId "24107018"]
[WhiteElo "2189"]
[BlackElo "2056"]
[Result "1-0"]
[Round "10"]
[TimeControl "180+2"]
[Date "2023.04.25"]
[WhiteClock "0:00:04"]
[BlackClock "0:00:13"]

1. e4 e6 2. Nc3 d5 3. g3 d4 4. Nce2 c5 5. d3 Nc6 6. f4 h5 7. Nf3 Bd7 8. Bg2 Be7 9. c3 dxc3 10. bxc3 h4 11. Be3 hxg3 12. hxg3 Rxh1+ 13. Bxh1 Nh6 14. Nh2 Qa5 15. Qd2 f5 16. e5 Kf7 17. Kf2 Rh8 18. Bf3 Nd8 19. d4 cxd4 20. cxd4 Bb4 21. Qc2 Bc6 22. Bxc6 Nxc6 23. Qb3 Qa3 24. Rb1 Qxb3 25. Rxb3 b6 26. d5 exd5 27. Nd4 Nxd4 28. Bxd4 Be7 29. Rc3 Ng4+ 30. Nxg4 fxg4 31. Kg2 Ke6 32. Rc7 Rd8 33. f5+ Kf7 34. f6 gxf6 35. exf6 Re8 36. Rxa7 Ke6 37. Rxe7+ Rxe7 38. fxe7 Kxe7 39. Bxb6 Kd6 40. Bd4 Kc6 41. a4 Kb7 42. Kf2 Ka6 43. Bc3 d4 44. Bxd4 Ka5 45. Ke3 Kxa4 46. Kf4 Kb5 47. Kxg4 Kc6 48. Kf5 Kd7 49. g4 Ke8 50. g5 Kf7 51. g6+ Kg8 52. Kf6 Kf8 53. g7+ Kg8 54. Bc5 1-0


[Site "https://www.chess.com"]

[Event "Titled Tuesday Blitz April 25 Early 2023"]
[White "Tarnowska, Aleksandra"]
[Black "Itkis, Boris"]
[WhiteFideId "1180967"]
[BlackFideId "1209167"]
[WhiteElo "1776"]
[BlackElo "2216"]
[Result "1-0"]
[Round "10"]
[TimeControl "180+2"]
[Date "2023.04.25"]
[WhiteClock "0:00:04"]
[BlackClock "0:00:01"]

1. e4 c5 2. Nf3 Nc6 3. Bb5 e6 4. O-O Nge7 5. c3 a6 6. Ba4 b5 7. Bc2 Bb7 8. d4 cxd4 9. cxd4 Rc8 10. Nc3 d5 11. e5 Ng6 12. Be3 Be7 13. Ne2 a5 14. Rc1 Nb4 15. Bb1 Rxc1 16. Bxc1 O-O 17. Nf4 Nxf4 18. Bxf4 g6 19. Bh6 Re8 20. h3 Nc6 21. Nh2 Qb6 22. Be3 b4 23. Ng4 Ba6 24. Re1 h5 25. Nh6+ Kg7 26. Qf3 Rf8 27. Qf4 f5 28. exf6+ Rxf6 29. Qg5 Nxd4 30. Kh1 Bc5 31. Rd1 Nf5 32. Nxf5+ Rxf5 33. Qh6+ Kf6 34. Bxf5 Bxe3 35. Qxg6+ Ke5 36. Qxe6+ Qxe6 37. Bxe6 Bxf2 38. Bxd5 1-0


[Site "https://www.chess.com"]

[Event "Titled Tuesday Blitz April 25 Early 2023"]
[White "wqws"]
[Black "Schut, Han"]
[BlackFideId "1005561"]
[WhiteElo "2563"]
[BlackElo "2024"]
[Result "1-0"]
[Round "10"]
[TimeControl "180+2"]
[Date "2023.04.25"]
[WhiteClock "0:00:54"]
[BlackClock "0:00:02"]

1. d4 Nf6 2. c4 g6 3. Nc3 d5 4. cxd5 Nxd5 5. h4 Bg7 6. h5 c5 7. Nf3 Nc6 8. e4 Nxc3 9. bxc3 cxd4 10. cxd4 Nxd4 11. Rb1 Bg4 12. Qa4+ Bd7 13. Qxd4 Bxd4 14. Nxd4 Qa5+ 15. Bd2 Qxa2 16. Bd3 O-O 17. hxg6 hxg6 18. Bc3 Rac8 19. Nc6 f6 20. Nxe7+ Kf7 21. Rh7+ Ke6 22. Nd5 Rxc3 23. Nxc3 Qa5 24. Kd2 Rc8 25. Rc1 b5 26. f4 b4 27. f5+ Ke5 28. Rxd7 bxc3+ 29. Ke3 Qc5+ 30. Kf3 gxf5 31. Rd5+ Qxd5 32. exd5 Kxd5 33. Bxf5 Rc5 34. Ke3 a5 35. Kd3 Ke5 36. g4 a4 37. Rxc3 Rd5+ 38. Kc4 Rd4+ 39. Kb5 Kf4 40. Ra3 1-0


[Site "https://www.chess.com"]

[Event "Titled Tuesday Blitz April 25 Early 2023"]
[White "Gonzalez, Francisco Silva"]
[Black "Melikhov, Evgeny V."]
[WhiteFideId "1512285"]
[BlackFideId "4122046"]
[WhiteElo "2074"]
[BlackElo "2158"]
[Result "0-1"]
[Round "10"]
[TimeControl "180+2"]
[Date "2023.04.25"]
[WhiteClock "0:00:54"]
[BlackClock "0:00:53"]

1. d4 Nf6 2. c4 e6 3. Nc3 Bb4 4. a3 Bxc3+ 5. bxc3 d5 6. e3 c6 7. Bd3 O-O 8. Ne2 b6 9. cxd5 cxd5 10. f3 Ba6 11. Bxa6 Nxa6 12. Qd3 Nc7 13. O-O Nd7 14. e4 dxe4 15. fxe4 Nc5 16. Qf3 Nb3 17. Bf4 Nxa1 18. Rxa1 Nb5 19. a4 Nd6 20. Ng3 Nc4 21. Nh5 Qh4 22. g3 Qh3 23. Bg5 f5 24. exf5 Qxf5 25. Bf4 g6 26. g4 Qd5 27. Qg3 gxh5 28. gxh5+ Kh8 29. Kf2 Rg8 30. Qh4 Rg2+ 31. Ke1 Qe4+ 32. Be3 Qxe3+ 0-1


[Site "https://www.chess.com"]

[Event "Titled Tuesday Blitz April 25 Early 2023"]
[White "Albuquerque Junior,Wellington S."]
[Black "Alexikov, Alexander"]
[WhiteFideId "2151480"]
[BlackFideId "14103958"]
[WhiteElo "2109"]
[BlackElo "2186"]
[Result "0-1"]
[Round "10"]
[TimeControl "180+2"]
[Date "2023.04.25"]
[WhiteClock "0:00:09"]
[BlackClock "0:01:47"]

1. c4 Nf6 2. g3 g6 3. Bg2 Bg7 4. Nc3 d6 5. e4 O-O 6. d3 c5 7. Nge2 Nc6 8. O-O e5 9. h3 Ne8 10. Be3 Nc7 11. Qd2 Ne6 12. Bh6 f6 13. Bxg7 Kxg7 14. f4 Ned4 15. Rf2 Bd7 16. Raf1 Qa5 17. a3 Ne7 18. Kh2 a6 19. g4 h6 20. f5 g5 21. Rb1 Nxe2 22. Rxe2 b5 23. b4 Qxa3 24. cxb5 cxb4 25. Na2 Bxb5 26. Qxb4 Qxb4 27. Rxb4 Rac8 28. Rd2 Rc7 29. d4 Nc6 0-1


[Site "https://www.chess.com"]

[Event "Titled Tuesday Blitz April 25 Early 2023"]
[White "Antonio, Jorge Carlos"]
[Black "Dwilewicz, Katarzyna"]
[WhiteFideId "113190"]
[BlackFideId "1148486"]
[WhiteElo "2247"]
[BlackElo "2065"]
[Result "0-1"]
[Round "10"]
[TimeControl "180+2"]
[Date "2023.04.25"]
[WhiteClock "0:00:39"]
[BlackClock "0:01:31"]

1. d4 d5 2. Nf3 g6 3. Bf4 Bg7 4. e3 Nf6 5. h4 c6 6. Bd3 Bg4 7. Nbd2 Nbd7 8. c3 h5 9. O-O O-O 10. Qb3 Qb6 11. Qxb6 Nxb6 12. a3 Nfd7 13. b4 a5 14. b5 c5 15. a4 Rac8 16. Ne5 Nxe5 17. dxe5 Nd7 18. e4 Nxe5 19. Bxe5 Bxe5 20. Nb1 e6 21. f3 dxe4 22. Bxe4 Bf5 23. Bxb7 Rcd8 24. Bc6 Rd3 25. Rc1 Bg3 26. Ra3 Bxh4 27. Kh2 Bg5 28. Rc2 h4 29. Rb2 Bf4+ 30. Kg1 Bg3 31. Kf1 Rfd8 32. b6 Rd1+ 33. Ke2 Re1# 0-1


[Site "https://www.chess.com"]

[Event "Titled Tuesday Blitz April 25 Early 2023"]
[White "Petrova, Irina"]
[Black "Bekkedahl, Zachary"]
[WhiteFideId "14124122"]
[BlackFideId "2069156"]
[WhiteElo "2084"]
[BlackElo "1943"]
[Result "1/2-1/2"]
[Round "10"]
[TimeControl "180+2"]
[Date "2023.04.25"]
[WhiteClock "0:00:03"]
[BlackClock "0:00:27"]

1. e4 c5 2. Nf3 g6 3. c3 Bg7 4. d4 cxd4 5. cxd4 d5 6. e5 Bg4 7. Nc3 e6 8. Bb5+ Nd7 9. O-O Ne7 10. h3 Bxf3 11. Qxf3 O-O 12. Bg5 h6 13. Be3 a6 14. Bd3 Kh7 15. h4 f5 16. exf6 Nxf6 17. h5 Ne4 18. hxg6+ Nxg6 19. Qg4 Qh4 20. Qxh4 Nxh4 21. Nxe4 dxe4 22. Bxe4+ Kh8 23. Rac1 Rac8 24. g3 Nf5 25. Bxb7 Rb8 26. Bxa6 Rxb2 27. Bc4 Bxd4 28. Bxd4+ Nxd4 29. Rfd1 Ne2+ 30. Bxe2 Rxe2 31. Rf1 Rxa2 32. Rc6 Rf6 33. Kg2 Kg7 34. Rc7+ Kg6 35. Rc3 e5 36. Rf3 Rxf3 37. Kxf3 Kf5 38. Re1 Ra3+ 39. Kg2 h5 40. Rh1 Kg5 41. Rh4 Ra5 42. Re4 Kf5 43. Re3 e4 44. Rb3 Ra2 45. Rb5+ Kg4 46. Re5 Re2 47. Kf1 Rb2 48. Rxe4+ Kf5 49. Rf4+ Kg5 50. Kg2 Rb3 51. Rd4 Rb2 52. Rd5+ Kg6 53. Kf3 Rb3+ 54. Ke2 Rb2+ 55. Ke3 Rb3+ 56. Rd3 Rb4 57. f4 Rb1 58. Kf3 Rf1+ 59. Ke4 Re1+ 60. Re3 Rg1 61. Kf3 Rf1+ 62. Kg2 Ra1 63. Kh3 Rh1+ 64. Kg2 Ra1 65. Re5 Ra2+ 66. Kh3 Ra1 67. Rg5+ Kh6 68. Kg2 Ra2+ 69. Kf3 Ra3+ 70. Kf2 Ra2+ 71. Ke3 Ra3+ 72. Ke2 Ra2+ 73. Kf3 Ra3+ 74. Kg2 Ra2+ 75. Kh3 Ra1 76. Rb5 Rh1+ 77. Kg2 Ra1 78. Rb6+ Kg7 79. Rc6 Rb1 80. Kh3 Rh1+ 81. Kg2 Rb1 82. f5 Rb5 83. Rg6+ Kh7 84. Rg5 Kh6 85. Rg6+ Kh7 86. Rf6 Kg7 87. Rg6+ Kh7 1/2-1/2


[Site "https://www.chess.com"]

[Event "Titled Tuesday Blitz April 25 Early 2023"]
[White "Grossboss19"]
[Black "littlepillow2010"]
[WhiteElo "2268"]
[BlackElo "2353"]
[Result "0-1"]
[Round "10"]
[TimeControl "180+2"]
[Date "2023.04.25"]
[WhiteClock "0:01:16"]
[BlackClock "0:01:56"]

1. e4 c5 2. c4 Nc6 3. Nc3 Nf6 4. Nf3 e5 5. d3 h6 6. h3 d6 7. Be3 Be6 8. Be2 Be7 9. Nd5 Nd4 10. Nxd4 cxd4 11. Bd2 Nxd5 12. cxd5 Bd7 13. Bg4 O-O 14. Bxd7 Qxd7 15. O-O f5 16. f3 f4 17. Be1 Rf6 18. Rf2 Rg6 19. Rc2 Qxh3 20. Qe2 Bh4 21. Bxh4 Qxh4 22. Rac1 Rg3 23. Rc8+ Rxc8 24. Rxc8+ Kh7 25. Rc7 Qg5 26. Kf1 h5 27. Ke1 Rxg2 28. Qf1 Rg1 0-1


[Site "https://www.chess.com"]

[Event "Titled Tuesday Blitz April 25 Early 2023"]
[White "Jiganchine, Roman"]
[Black "Fernandez Garcia, Gumersindo"]
[WhiteFideId "2603667"]
[BlackFideId "24516740"]
[WhiteElo "2257"]
[BlackElo "2093"]
[Result "0-1"]
[Round "10"]
[TimeControl "180+2"]
[Date "2023.04.25"]
[WhiteClock "0:00:10"]
[BlackClock "0:00:41"]

1. e4 c5 2. Nf3 g6 3. d4 cxd4 4. Qxd4 Nf6 5. Nc3 Nc6 6. Qa4 d6 7. e5 dxe5 8. Nxe5 Bd7 9. Nxd7 Qxd7 10. Be2 Bg7 11. O-O O-O 12. Rd1 Qf5 13. Bd3 Qh5 14. h3 Rad8 15. Be3 a6 16. Bb6 Rd7 17. Bxa6 Rxd1+ 18. Rxd1 bxa6 19. Qxc6 Qf5 20. Nd5 Nxd5 21. Rxd5 Qe4 22. Be3 Bxb2 23. Rc5 Qb4 24. Rc4 Qe1+ 25. Kh2 Be5+ 26. g3 Bd6 27. Kg2 a5 28. Re4 Qb1 29. a4 Rb8 30. Bh6 Qb7 31. Rc4 f6 32. Be3 Qxc6+ 33. Rxc6 Rb4 34. Ra6 Rxa4 35. Bb6 Rc4 36. Bxa5 Rxc2 37. Bb6 Kf7 38. Be3 h5 39. Ra4 g5 40. h4 gxh4 41. Rxh4 Kg6 42. Ra4 Rc8 43. Kf3 Rh8 44. Kg2 Kf7 45. Kf3 Rg8 46. Ra6 Rg6 47. Ke2 Rg4 48. Kf1 f5 49. Ke2 f4 50. gxf4 Bxf4 51. Rh6 Bxh6 52. Bxh6 h4 53. Be3 h3 54. Kf3 h2 0-1


[Site "https://www.chess.com"]

[Event "Titled Tuesday Blitz April 25 Early 2023"]
[White "Levitan, Caleb Levi"]
[Black "Manon-og, Ramon Jr."]
[WhiteFideId "14332620"]
[BlackFideId "5200776"]
[WhiteElo "1963"]
[BlackElo "2338"]
[Result "0-1"]
[Round "10"]
[TimeControl "180+2"]
[Date "2023.04.25"]
[WhiteClock "0:00:02"]
[BlackClock "0:01:57"]

1. e4 c5 2. Nf3 d6 3. d4 cxd4 4. Nxd4 Nf6 5. Nc3 a6 6. Bc4 e6 7. Bb3 b5 8. Qf3 Qc7 9. Bg5 Be7 10. O-O-O b4 11. Nce2 O-O 12. e5 Bb7 13. exd6 Bxd6 14. Qd3 Nd5 15. Bh4 Nc6 16. Bg3 Na5 17. Bxd6 Qxd6 18. f3 Nxb3+ 19. Nxb3 a5 20. Ng3 a4 21. Nd4 Qf4+ 22. Qd2 Qf6 23. Ne4 Qg6 24. h4 b3 25. h5 bxa2 26. c3 a1=Q+ 27. Kc2 Nb4+ 28. cxb4 Bxe4+ 29. fxe4 Qxe4+ 30. Kc3 Rfc8+ 0-1


[Site "https://www.chess.com"]

[Event "Titled Tuesday Blitz April 25 Early 2023"]
[White "Luong Phuong Hanh"]
[Black "Coelho, Ramyres Santana"]
[WhiteFideId "12401013"]
[BlackFideId "2120690"]
[WhiteElo "2081"]
[BlackElo "1888"]
[Result "1-0"]
[Round "10"]
[TimeControl "180+2"]
[Date "2023.04.25"]
[WhiteClock "0:01:45"]
[BlackClock "0:00:07"]

1. d4 Nf6 2. Nf3 g6 3. g3 Bg7 4. Bg2 O-O 5. O-O d6 6. a4 c6 7. a5 b6 8. axb6 Qxb6 9. Nc3 Qc7 10. Re1 e5 11. dxe5 dxe5 12. Be3 Rd8 13. Qc1 Nd5 14. Na4 Nxe3 15. Qxe3 Bf5 16. c3 Nd7 17. Red1 Nb6 18. Nc5 Rxd1+ 19. Rxd1 Nc4 20. Qc1 Rb8 21. b4 a5 22. Na6 Qb6 23. Nxb8 Qxb8 24. bxa5 Nxa5 25. Qa3 Nc4 26. Qb4 Qxb4 27. cxb4 Bf8 28. Rc1 Be6 29. Ng5 Bh6 30. f4 exf4 31. Nxe6 fxg3 32. Rxc4 gxh2+ 33. Kxh2 fxe6 34. Rxc6 Bf4+ 35. Kh3 e5 36. b5 h5 37. b6 g5 38. Be4 g4+ 39. Kh4 Be3 40. b7 Ba7 41. Rc8+ Kg7 42. Ra8 Bb8 43. Rxb8 g3 44. Kxg3 h4+ 45. Kxh4 Kh6 46. Rh8+ Kg7 47. b8=Q Kf6 48. Qb6+ Kg7 49. Qh6+ Kf7 50. Rh7+ Ke8 51. Qe6+ Kf8 52. Qc8# 1-0


[Site "https://www.chess.com"]

[Event "Titled Tuesday Blitz April 25 Early 2023"]
[White "Singh, Arvinder Preet"]
[Black "Degtiarev, Evgeny"]
[WhiteFideId "5013240"]
[BlackFideId "4149610"]
[WhiteElo "2124"]
[BlackElo "2284"]
[Result "1-0"]
[Round "10"]
[TimeControl "180+2"]
[Date "2023.04.25"]
[WhiteClock "0:00:32"]
[BlackClock "0:00:05"]

1. e4 e5 2. Nf3 Nc6 3. Bb5 Nf6 4. O-O Nxe4 5. d4 Nd6 6. Bxc6 dxc6 7. dxe5 Nf5 8. Qxd8+ Kxd8 9. Nc3 h6 10. h3 Bd7 11. Rd1 Kc8 12. b3 a5 13. a4 b6 14. Bb2 Be6 15. g4 Ne7 16. Nd4 Kb7 17. f4 c5 18. Ndb5 g6 19. Rd2 h5 20. Ne4 hxg4 21. Ng5 Bd5 22. c4 Bc6 23. e6 Rh4 24. Nxf7 gxh3 25. Nd8+ Rxd8 26. Rxd8 h2+ 27. Kf2 h1=Q 28. Rxh1 Rxh1 29. Be5 Bxb5 30. Rxf8 Bc6 31. Rf7 Rh2+ 32. Kg1 Rg2+ 33. Kf1 Nf5 34. Rxc7+ Ka6 35. Rxc6 Ne3+ 36. Ke1 Nc2+ 37. Kd1 Ne3+ 38. Kc1 Nf5 39. Rc7 Rg3 40. Kc2 Rg2+ 41. Kc3 g5 42. e7 Nxe7 43. Rxe7 gxf4 44. Bb8 Rg3+ 45. Kb2 Rg2+ 46. Ka3 b5 47. axb5+ Kb6 48. Ba7# 1-0


[Site "https://www.chess.com"]

[Event "Titled Tuesday Blitz April 25 Early 2023"]
[White "Kuchava, Ana"]
[Black "Sovetbekova, Nurai"]
[WhiteFideId "13605348"]
[BlackFideId "13801910"]
[WhiteElo "2001"]
[BlackElo "1857"]
[Result "1-0"]
[Round "10"]
[TimeControl "180+2"]
[Date "2023.04.25"]
[WhiteClock "0:00:34"]
[BlackClock "0:00:09"]

1. d4 Nf6 2. Nf3 g6 3. c4 Bg7 4. Nc3 d5 5. Bg5 Ne4 6. Bf4 Nxc3 7. bxc3 c5 8. e3 cxd4 9. cxd4 O-O 10. cxd5 Qxd5 11. Be2 Nc6 12. O-O Rd8 13. Qa4 Bd7 14. Bc4 Qh5 15. Qb3 e6 16. Qxb7 Na5 17. Qa6 Nxc4 18. Qxc4 Rac8 19. Qb3 Bc6 20. Ne5 Bd5 21. Qa3 f6 22. Nd3 e5 23. Bg3 exd4 24. exd4 Qg4 25. Nf4 Bc4 26. Rfd1 g5 27. h3 Qd7 28. Nh5 Be2 29. Nxg7 Bxd1 30. Rxd1 Kxg7 31. d5 Rc4 32. d6 Re8 33. Qd3 Ra4 34. Rc1 Rc8 35. Rxc8 Qxc8 36. d7 Qd8 37. Bc7 Qxc7 38. d8=Q Qc1+ 39. Kh2 Qf4+ 40. Qg3 Qc4 41. Qe7+ Kg6 42. Qe8+ Kg7 43. Qge3 Qc7+ 44. g3 Qc2 45. Q3e7+ Kh6 46. Q7f8# 1-0


[Site "https://www.chess.com"]

[Event "Titled Tuesday Blitz April 25 Early 2023"]
[White "Todorovic, Bojan"]
[Black "Stanisz, Patryk"]
[WhiteFideId "917087"]
[BlackFideId "1123106"]
[WhiteElo "2266"]
[BlackElo "2069"]
[Result "0-1"]
[Round "10"]
[TimeControl "180+2"]
[Date "2023.04.25"]
[WhiteClock "0:00:07"]
[BlackClock "0:00:09"]

1. Nf3 d5 2. g3 c6 3. Bg2 Bf5 4. O-O e6 5. d3 h6 6. Nbd2 Nf6 7. b3 Be7 8. Bb2 O-O 9. c4 a5 10. Qc2 Nbd7 11. Rac1 Bh7 12. Qb1 a4 13. b4 a3 14. Bc3 Re8 15. Qb3 Qc7 16. Nb1 e5 17. cxd5 Nxd5 18. Bd2 Qb6 19. Nxa3 e4 20. Nc4 Qa7 21. dxe4 Bxe4 22. a3 Bf6 23. Rfd1 Bf5 24. Ne3 Be6 25. Nc4 N5b6 26. Be3 Qa6 27. Nfd2 Nxc4 28. Rxc4 Ne5 29. Rdc1 Nxc4 30. Rxc4 Bxc4 31. Nxc4 Rad8 32. Bf3 Qb5 33. Kg2 Qf5 34. h3 Qe6 35. Qc2 Bg5 36. Bb6 Ra8 37. Na5 Qe7 38. h4 Bf6 39. Bc5 Qd7 40. Nc4 Red8 41. Nb6 Qd2 42. Qf5 Rab8 43. Nc4 Qd7 44. Qf4 Rbc8 45. Nb6 Qc7 46. Nxc8 Qxf4 47. gxf4 Rxc8 48. h5 Bb2 49. a4 Ra8 50. a5 Rd8 51. a6 bxa6 52. Bxc6 Ba3 53. Bb7 Rb8 54. Bxa6 Bxb4 55. Be3 Bd6 56. Bc4 Rb4 57. Bd5 Bxf4 58. Bxf4 Rxf4 59. Bf3 Kf8 60. Kg3 Rf6 61. e3 Rb6 62. Bg4 Ke7 63. f4 Kf6 64. Kf3 Rb3 65. Bh3 Ra3 66. Bg4 g6 67. hxg6 fxg6 68. Bh3 h5 69. Kf2 Ra2+ 70. Kf3 Rb2 71. e4 Rb3+ 72. Kg2 h4 73. e5+ Ke7 74. Bg4 Rg3+ 0-1


[Site "https://www.chess.com"]

[Event "Titled Tuesday Blitz April 25 Early 2023"]
[White "Hartikainen, Jarmo"]
[Black "Rodriguez Santiago, Jaime"]
[WhiteFideId "503134"]
[BlackFideId "3100898"]
[WhiteElo "2159"]
[BlackElo "2025"]
[Result "0-1"]
[Round "10"]
[TimeControl "180+2"]
[Date "2023.04.25"]
[WhiteClock "0:00:02"]
[BlackClock "0:00:34"]

1. e4 c6 2. d4 d5 3. Nc3 dxe4 4. Nxe4 Nf6 5. Nxf6+ exf6 6. Bf4 Be7 7. c3 O-O 8. Bd3 Re8 9. Ne2 Nd7 10. h4 Nf8 11. h5 Bg4 12. f3 Be6 13. Qc2 Bd6 14. O-O-O a5 15. Kb1 a4 16. h6 g6 17. g4 Bd5 18. Be4 Bc4 19. Rde1 Bxe2 20. Bxd6 Bxf3 21. Bxf8 Bxh1 22. Rxh1 Rxf8 23. Rd1 Re8 24. d5 cxd5 25. Bxd5 Qe7 26. c4 a3 27. b3 Rad8 28. Rf1 Qe5 29. Qf2 Rd6 30. Kc2 Qb2+ 31. Kd3 Qe5 32. Qf3 Red8 0-1


[Site "https://www.chess.com"]

[Event "Titled Tuesday Blitz April 25 Early 2023"]
[White "Bashkansky, Ethan"]
[Black "White, John S."]
[WhiteFideId "2071533"]
[BlackFideId "2502348"]
[WhiteElo "2302"]
[BlackElo "2035"]
[Result "1-0"]
[Round "10"]
[TimeControl "180+2"]
[Date "2023.04.25"]
[WhiteClock "0:00:29"]
[BlackClock "0:00:04"]

1. d4 e6 2. c4 d5 3. Nc3 Nf6 4. cxd5 exd5 5. Bg5 Be7 6. e3 h6 7. Bh4 O-O 8. Bd3 Nc6 9. Nge2 Nb4 10. Bb1 Be6 11. O-O Nd7 12. Bxe7 Qxe7 13. a3 Nc6 14. b4 Qg5 15. Nf4 Nb6 16. Qd3 g6 17. Nxe6 fxe6 18. Qxg6+ Qxg6 19. Bxg6 Kg7 20. Bd3 Ne7 21. a4 c6 22. a5 Nd7 23. Na4 b6 24. h3 bxa5 25. bxa5 Rab8 26. Rab1 e5 27. a6 e4 28. Bc2 Nb6 29. Nxb6 Rxb6 30. Rxb6 axb6 31. Ra1 Ra8 32. f3 exf3 33. gxf3 b5 34. e4 Nc8 35. exd5 cxd5 36. Bd3 Nd6 37. Ra5 b4 38. Rxd5 b3 39. Rxd6 b2 40. Rd7+ Kf6 41. a7 Re8 42. Kf2 Rc8 43. Rb7 1-0


[Site "https://www.chess.com"]

[Event "Titled Tuesday Blitz April 25 Early 2023"]
[White "Fernandez Siles, Luis"]
[Black "Necula, Iulian"]
[WhiteFideId "2209420"]
[BlackFideId "1232380"]
[WhiteElo "2195"]
[BlackElo "1790"]
[Result "1-0"]
[Round "10"]
[TimeControl "180+2"]
[Date "2023.04.25"]
[WhiteClock "0:01:14"]
[BlackClock "0:00:43"]

1. d4 d6 2. Nf3 Bg4 3. Nbd2 g6 4. h3 Bxf3 5. Nxf3 Bg7 6. Bf4 f5 7. c3 Nf6 8. g4 fxg4 9. hxg4 O-O 10. Ng5 Nxg4 11. Ne6 Qd7 12. Nxf8 Bxf8 13. Bh3 h5 14. e3 e5 15. Bxg4 hxg4 16. dxe5 dxe5 17. Qb3+ Qf7 18. Rh8+ Kg7 19. Rh7+ Kf6 20. Qxf7# 1-0


[Site "https://www.chess.com"]